 Dungeon Crawl Stone Soup version 0.14-a0-181-gf6fe0c6 (webtiles) character file.

250 Leibowitz the Cutter (level 5, -3/49 HPs)
             Began as a Kobold Berserker on Oct 7, 2013.
             Was a Priest of Trog.
             Killed by divine providence
             ... invoked by an orc priest
              (11 damage)
             ... on Level 3 of the Dungeon.
             The game lasted 00:08:10 (2649 turns).

Leibowitz the Cutter (Kobold Berserker)             Turns: 2649, Time: 00:08:10

HP  -3/49        AC  8     Str 22      XL: 5   Next: 43%
MP   4/4         EV 15     Int  5      God: Trog [***...]
Gold 114         SH  0     Dex 15      Spells:  0 memorised,  4 levels left

Res.Fire  : . . .   See Invis. : .   a - +2 elf short sword (protect)
Res.Cold  : . . .   Warding    : .   b - +0 leather armour
Life Prot.: . . .   Conserve   : +   (no shield)
Res.Poison: .       Res.Corr.  : .   (no helmet)
Res.Elec. : .       Clarity    : .   (no cloak)
Sust.Abil.: . .     Spirit.Shd : .   (no gloves)
Res.Mut.  : .       Stasis     : .   (no boots)
Res.Rott. : .       Flight     : .   o - amulet of conservation {unknown}
Saprovore : + + .                    (no ring)
                                     (no ring)

@: berserking, very quick, slightly resistant to hostile enchantments, extremely
unstealthy
A: disease resistance, carnivore 3, saprovore 2
a: Burn Spellbooks, Berserk, Trog's Hand, Renounce Religion


You were on level 3 of the Dungeon.
You worshipped Trog.
Trog was most pleased with you.
You were full.

You visited 1 branch of the dungeon, and saw 3 of its levels.

You collected 94 gold pieces.

Inventory:

Hand weapons
 a - a +2,+2 elven short sword of protection (weapon)
 u - a +0 blowgun
Missiles
 r - 5 tomahawks (quivered)
 v - 13 poisoned needles
Armour
 b - a +0 leather armour (worn)
Magical devices
 s - a wand of magic darts (8)
Scrolls
 d - 2 scrolls of curse weapon {unknown}
 h - 2 scrolls of teleportation {unknown}
 i - a scroll of random uselessness {unknown}
 j - 5 scrolls of remove curse {unknown}
 l - 4 scrolls of identify {unknown}
 n - a scroll of fog {unknown}
 p - a scroll of curse jewellery {unknown}
 q - a scroll of enchant weapon I {unknown}
Jewellery
 m - an uncursed amulet of the gourmand
 o - an amulet of conservation (around neck) {unknown}
Potions
 e - a potion of paralysis {unknown}
 f - a potion of brilliance {unknown}
 g - 2 potions of curing {unknown}
 k - a potion of poison {unknown}
 t - 2 potions of heal wounds {unknown}


   Skills:
 * Level 4.2 Fighting
 + Level 5.2 Short Blades
 - Level 1.5 Armour
 * Level 3.9 Dodging
 * Level 2.4 Stealth
 + Level 0.3 Evocations


You had 4 spell levels left.
You didn't know any spells.

Dungeon Overview and Level Annotations

Branches:
Dungeon (3/27)

Altars:
Vehumet


Innate Abilities, Weirdness & Mutations

You recuperate from illness quickly.
You are small and have problems with some larger weapons.
You are carnivorous and can eat meat at any time.
You can eat rotten meat.


Message History

A red film seems to cover your vision as you go berserk!
You feel yourself moving faster!
You feel mighty!
You feel somewhat less full.
The orc priest invokes the aid of Beogh against you.
Something smites you!
You feel a strong urge to attack something.
You closely miss the orc priest.
The orc priest mumbles some strange prayers to Beogh against you.
Pain shoots through your body!
* * * LOW HITPOINT WARNING * * *
You closely miss the orc priest. You barely miss the orc priest.
The orc priest hits you with an orcish war axe.
* * * LOW HITPOINT WARNING * * *
You puncture the orc priest!
The orc priest is almost dead.
You barely miss the orc priest.
The orc priest is almost dead.
The orc priest calls down the wrath of Beogh upon you.
Something smites you!
You die...

#......#o#..# #.......# #
##.##..#.#..# ####.#### #
#.##..#....# #.###### #
#.......#.##### #......#
##########..#.......#####..###.##
.....# #.................#.....
##.#.# ####.#.###.######.#.#.##
...#.#### #...o##.# #.......
##......# #)##@##.# ###.####
####.##.# #.#...#.# ##.#
####.##.# #.......# #..#
.....##.# ###...### #.##
#.......# #...# #.#
..####..#######...###### #.#
..####..##..(.(........####.# ##
..##....)...................# #.
..##.#..##.............###..# #.


You could see an orc priest.

Vanquished Creatures
  A giant mite (D:3)
  2 worms (D:2)
  4 adders
  The ghost of 4tharraofdagon the Stinger, a weakling DEVM (D:3)
  2 giant geckos (D:1)
  2 oozes
  6 orcs (D:3)
  4 bats
  8 goblins
  14 hobgoblins
  3 jackals (D:3)
  12 kobolds
  3 giant cockroaches
  5 giant newts
  7 rats
74 creatures vanquished.

Notes
Turn   | Place    | Note
--------------------------------------------------------------
     0 | D:1      | Leibowitz, the Kobold Berserker, began the quest for the Orb.
     0 | D:1      | Reached XP level 1. HP: 14/14 MP: 0/0
    79 | D:1      | Reached XP level 2. HP: 12/19 MP: 1/1
   418 | D:1      | Reached skill level 1 in Stealth
   454 | D:1      | Acquired Trog's second power
   454 | D:1      | Reached XP level 3. HP: 24/24 MP: 2/2
   778 | D:2      | Found a radiant altar of Vehumet.
  1110 | D:2      | Reached XP level 4. HP: 27/29 MP: 3/3
  1332 | D:3      | Reached skill level 5 in Short Blades
  1484 | D:3      | Noticed 4tharraofdagon's ghost (weakling DEVM)
  1495 | D:3      | Killed 4tharraofdagon's ghost
  1700 | D:3      | Reached XP level 5. HP: 22/33 MP: 4/4
  2425 | D:3      | HP: 1/33 [poisoned by a kobold]
  2649 | D:3      | Killed from afar by an orc priest

Action                   |  1- 3 |  4- 6 || total
-------------------------+-------+-------++-------
Melee: Short sword       |   157 |   122 ||   279
Throw: Tomahawk          |       |     4 ||     4
Invok: Trog's Hand       |       |     2 ||     2
       Berserk           |       |     1 ||     1
Evoke: Wand              |       |     1 ||     1
 Stab: Sleeping          |     2 |     1 ||     3
       Distracted        |       |     1 ||     1
